 Dungeon Crawl Stone Soup version 0.25-a0-651-g8c222c7a2b (webtiles) character file.

Game seed: 14793890182235459323, levelgen mode: deterministic

161 Kohma the Ruffian (level 5, 0/50 HPs)
             Began as a Troll Monk on Mar 22, 2020.
             Slain by Grinder (9 damage)
             ... while paralysed by Grinder
             ... on level 3 of the Dungeon.
             The game lasted 00:04:24 (1834 turns).

Kohma the Ruffian (Troll Monk)                      Turns: 1834, Time: 00:04:25

Health: 0/50       AC:  7    Str: 20    XL:     5   Next: 19%
Magic:  4/4        EV:  1    Int:  6    God:
Gold:   173        SH:  0    Dex: 12    Spells: 4/4 levels left

rFire    . . .     SeeInvis .     - Unarmed
rCold    . . .     Gourm    +   (no shield)
rNeg     . . .     Faith    .   a - +0 robe
rPois    .         Spirit   .   (helmet restricted)
rElec    .         Reflect  .   i - +0 cloak
rCorr    .         Harm     .   (gloves unavailable)
MR       .....                  (boots unavailable)
Stlth    ++........             (no amulet)
HPRegen  0.56/turn              (no ring)
MPRegen  0.09/turn              (no ring)

@: paralysed
A: large, unfitting armour, claws 3, fast metabolism 3, gourmand, regeneration
1, shaggy fur 1, tough skin 3
a: no special abilities


You were on level 3 of the Dungeon.
You were very full.

You visited 1 branch of the dungeon, and saw 3 of its levels.

You collected 173 gold pieces.

Inventory:

Missiles
 h - 81 stones
 m - a throwing net
 q - 14 poisoned darts (quivered)
Armour
 a - a +0 robe (worn)
 i - a +0 cloak (worn)
Jewellery
 c - an uncursed ring of magical power {unknown}
Scrolls
 d - 2 scrolls of identify {unknown}
 e - 2 scrolls of remove curse {unknown}
 f - a scroll of enchant weapon {unknown}
 j - a scroll of teleportation {unknown}
 k - a scroll of noise {unknown}
 l - 2 scrolls of amnesia {unknown}
Potions
 g - a potion of cancellation {unknown}
 n - a potion of ambrosia {unknown}
 o - a potion of curing {unknown}
 p - a potion of brilliance {unknown}
 s - a potion of berserk rage {unknown}
Comestibles
 b - 2 rations


   Skills:
 - Level 2.4 Fighting
 - Level 2.4 Dodging
 - Level 1.0 Stealth
 + Level 5.9 Unarmed Combat


You had 4 spell levels left.
You didn't know any spells.
Your spell library was empty.

Dungeon Overview and Level Annotations

Branches:
Dungeon (3/15)

Altars:
Gozag
The Shining One

Annotations:
D:3 Grinder


Innate Abilities, Weirdness & Mutations

You are too large for most types of armour.
You have claws for hands.
Your metabolism is lightning-fast.
You like to eat raw meat.
Your natural rate of healing is unusually fast.
You are covered in fur. (AC +1)
You have extremely tough skin. (AC +3)


Message History

Grinder is moderately wounded.
You scratch Grinder but do no damage.
Grinder is moderately wounded.
Grinder hits you.
You writhe in agony.
You claw Grinder!
Grinder is heavily wounded.
Grinder hits you.
You closely miss Grinder.
Grinder is heavily wounded.
Grinder gestures at you.
You suddenly lose the ability to move!
Grinder hits you!
You writhe in agony.
Grinder hits you. Grinder barely misses you. Grinder hits you.
* * * LOW HITPOINT WARNING * * *
You writhe in agony.
* * * LOW HITPOINT WARNING * * *
Grinder hits you!
You die...

######.###..#.########
## #.# #........# #.#
#.######## #.# #.# #.#
#.# ##.###.########
#.............#
#####...##.#......###
#(.(....@5.(........#
#.###...##.#......###..#
#. #...##.#......# ...
#. #...##.#......# ....
#. #...##.#......#.....
#. #...#....###'##......
#5 #...#....##..........
#. #...#....##........##
#####....##........##


You could see Grinder.

Vanquished Creatures
  Jessica (D:3)
  5 gnolls (D:2)
  5 adders
  A worm (D:2)
  8 bats
  2 giant cockroaches
  6 goblins
  3 hobgoblins
  2 jackals (D:1)
  4 kobolds
  A ball python (D:2)
  2 frilled lizards
  7 rats
47 creatures vanquished.

Vanquished Creatures (others)
  5 toadstools (D:1)
5 creatures vanquished.

Grand Total: 52 creatures vanquished

Notes
Turn   | Place    | Note
-------+----------+-------------------------------------------
     0 | D:1      | Kohma the Troll Monk began the quest for the Orb.
     0 | D:1      | Reached XP level 1. HP: 22/22 MP: 0/0
   181 | D:1      | Reached XP level 2. HP: 29/29 MP: 1/1
   719 | D:2      | Reached skill level 4 in Unarmed Combat
   723 | D:2      | Reached XP level 3. HP: 36/36 MP: 2/2
  1080 | D:2      | Found an opulent altar of Gozag.
  1100 | D:2      | Reached XP level 4. HP: 41/44 MP: 3/3
  1104 | D:2      | Reached skill level 5 in Unarmed Combat
  1426 | D:3      | Noticed Jessica
  1431 | D:3      | Killed Jessica
  1500 | D:3      | Reached XP level 5. HP: 50/50 MP: 4/4
  1697 | D:3      | Found a glowing golden altar of the Shining One.
  1699 | D:3      | Noticed an angel
  1807 | D:3      | Noticed Grinder
  1813 | D:3      | Paralysed by Grinder for 3 turns
  1829 | D:3      | Paralysed by Grinder for 5 turns
  1834 | D:3      | Slain by Grinder

Levels and vault maps discovered:
D:1:      ldierk_walled_garden, layout_loops_cross
D:2:      minmay_diamond_boxcup, layout_loops_cross, lemuel_crystal_altar
D:3:      layout_basic, grunt_temple_overflow_holy_war, minmay_cupped,
          uniq_grinder, uniq_jessica, uniq_sigmund

Skill      XL: |  1  2  3  4 |
---------------+-------------+-----
Unarmed Combat | 4 5 |  5.9
Fighting       | |  2.4
Dodging        | |  2.4
Stealth        | |  1.0

Action                   |  1- 3 |  4- 6 || total
-------------------------+-------+-------++-------
Melee: Unarmed           |    76 |    45 ||   121
       Punch             |       |     2 ||     2
Throw: Dart              |       |    16 ||    16
       Stone             |       |     2 ||     2
 Stab: Sleeping          |     4 |     1 ||     5
  Eat: Chunk             |    15 |     6 ||    21
Armor: Robe              |    49 |    11 ||    60
Dodge: Dodged            |    45 |    17 ||    62

Table legend:
 A = Non-vault XP
 B = Vault XP
 C = Vault XP percentage of total XP
 D = Non-vault monster count
 E = Vault monster count
 F = Vault count percentage of total count
                 A         B        C        D         E       F
            +---------+---------+-------+---------+---------+-------
      Total |     141 |      90 |  39.0 |      35 |      12 |  25.5
            +---------+---------+-------+---------+---------+-------
        D:1 |      23 |       0 |   0.0 |      15 |       0 |   0.0
        D:2 |      97 |      36 |  27.1 |      14 |       7 |  33.3
        D:3 |      21 |      54 |  72.0 |       6 |       5 |  45.5
            +---------+---------+-------+---------+---------+-------
